 Dungeon Sprint DCSS version 0.27.1 (webtiles) character file.

Game seed: 16086069188442475466

140 styxcanada the Covert (level 5, -1/28 HPs)
             Began as a Spriggan Brigand on Sept 3, 2021.
             Was an Initiate of Gozag.
             Splashed by an oklob sapling wizard's acid (15 damage)
             ... in the Dungeon (Sprint IV: "Fedhas' Mad Dash").
             The game lasted 00:01:54 (469 turns).

styxcanada the Covert (Spriggan Brigand)             Turns: 469, Time: 00:01:56

Health: -1/28      AC: -1    Str:  7    XL:     5   Next: 2%
Magic:  5/6        EV: 19    Int: 12    God:    Gozag
Gold:   103        SH:  0    Dex: 18    Spells: 4/4 levels left

rFire    . . .     SeeInvis +   a - +2 dagger
rCold    . . .     Faith    .   (shield restricted)
rNeg     . . .     Spirit   .   b - +0 robe
rPois    .         Reflect  .   (helmet restricted)
rElec    .         Harm     .   c - +0 cloak
rCorr    .         Rampage  .   (gloves unavailable)
Will     .....     NoTele   +   (boots unavailable)
Stlth    +++++.....             m - amulet of invisibility {+Inv}
HPRegen  0.09/turn              e - ring of wizardry
MPRegen  0.10/turn              (no ring)

@: corroded, very slightly contaminated, invisible (expiring), very quick
A: very small, no large weapons, unfitting armour, see invisible, speed 3
a: Renounce Religion, Evoke Invisibility, Potion Petition, Call Merchant, Bribe
Branch


You were in the Dungeon.
You worshipped Gozag.
Gozag was aware of your devotion.
You visited 1 branch You collected 103 gold pieces.

Inventory:

Hand Weapons
 a - a +2 dagger (weapon)
Missiles
 d - 7 poisoned darts
 l - 2 curare-tipped darts (quivered)
Armour
 b - a +0 robe (worn)
 c - a +0 cloak (worn)
Jewellery
 e - a ring of wizardry (left hand)
 m - the amulet of invisibility (around neck) {+Inv}
   (You found it in the Dungeon)

   [amulet of nothing]

   +Inv:      It lets you turn invisible.
Scrolls
 k - a scroll of blinking
Potions
 f - a potion of curing
 g - a potion of heal wounds
 h - a potion of haste
 i - 2 potions of magic
 j - a potion of berserk rage


   Skills:
 * Level 3.1 Fighting
 + Level 3.2 Short Blades
 + Level 3.3 Throwing
 * Level 4.7 Dodging
 * Level 12.9 Stealth
 * Level 1.7 Evocations


You had 4 spell levels left.
You didn't know any spells.
Your spell library was empty.

Dungeon Overview and Level Annotations

Branches:
Dungeon (1/1)

Altars:
Cheibriados
Dithmenos
Elyvilon
Gozag
Hepliaklqana
Kikubaaqudgha
Makhleb
Nemelex Xobeh
Okawaru
Qazlal
Ru
Sif Muna
Trog
Uskayaw
Vehumet
Wu Jian
Xom
Yredelemnul
Zin
The Shining One
Beogh
Jiyva
Lugonu

Annotations:
D exclusion: oklob sapling


Innate Abilities, Weirdness & Mutations

You are very small and have problems with some larger weapons.
You are too small for most types of armour.
You have supernaturally acute eyesight. (SInv)
You cover ground extremely quickly. (Speed+++)


Message History

There is a stormy altar of Qazlal here.
You start resting.
You flicker back into view.
You start resting.
Magic restored.
You start waiting.
Your magical contamination has completely faded away.
You fail to use your ability.
You fail to use your ability.
You fade into invisibility!
You are very lightly contaminated with residual magic.
You open the door.
An oklob sapling wizard comes into view.
Marking area around an oklob sapling as unsafe for travelling.
Found 9 stones and 15 gold pieces.
There is an open door here.
You hit the oklob sapling wizard but do no damage.
The oklob sapling wizard stares at you and mumbles some strange words.
The magic dart hits you!
You hit the oklob sapling wizard but do no damage.
You hit the oklob sapling wizard.
The oklob sapling wizard is lightly damaged.
The oklob sapling wizard casts a spell at you.
The magic dart hits you.
You hit the oklob sapling wizard.
The oklob sapling wizard is moderately damaged.
You hit the oklob sapling wizard but do no damage.
The oklob sapling wizard is moderately damaged.
You hit the oklob sapling wizard but do no damage.
The oklob sapling wizard is moderately damaged.
You hit the oklob sapling wizard but do no damage.
The oklob sapling wizard is moderately damaged.
You flicker for a moment.
You hit the oklob sapling wizard but do no damage.
The oklob sapling wizard is lightly damaged.
The oklob sapling wizard spits acid at you.
The splash of acid hits you. The acid corrodes you!
You are splashed with acid!
Ouch! That really hurt!
You die...
Your body crumbles into a pile of gold.

###################
.#.⌠._._._._.⌠.#.(+$
.'.._._._._._..'@P#$
$ $
.#..._._._._...#..#
$ $$
##.._._._._._..#.$#
$ #._._._._._.⌠.####
$############### $$
$$ $


You could see an oklob sapling wizard.

Vanquished Creatures
  A scorpion (D)
  2 oklob saplings (D)
  A river rat (D)
  A rat (D)
5 creatures vanquished.

Vanquished Creatures (others)
  2 fungi (D)
2 creatures vanquished.

Grand Total: 7 creatures vanquished

Notes
Turn   | Place    | Note
-------+----------+-------------------------------------------
     0 | D        | styxcanada the Spriggan Brigand began the quest for the
                  | Orb.
     0 | D        | Reached XP level 1. HP: 10/10 MP: 2/2
    25 | D        | Reached skill level 8 in Stealth
    25 | D        | Reached XP level 2. HP: 3/15 MP: 3/3
   255 | D        | Noticed an oklob sapling
   257 | D        | Killed an oklob sapling
   258 | D        | Reached skill level 9 in Stealth
   258 | D        | Reached XP level 3. HP: 19/19 MP: 4/4
   259 | D        | Noticed a scorpion
   259 | D        | Found the amulet of invisibility {+Inv}
   266 | D        | Killed a scorpion
   267 | D        | Reached skill level 11 in Stealth
   267 | D        | Reached XP level 4. HP: 23/23 MP: 5/5
   395 | D        | Found an opulent altar of Gozag.
   395 | D        | Found a hazy altar of Hepliaklqana.
   395 | D        | Found a burning altar of Makhleb.
   395 | D        | Found a sparkling altar of Nemelex Xobeh.
   395 | D        | Found a snail-covered altar of Cheibriados.
   395 | D        | Found a sacrificial altar of Ru.
   395 | D        | Found a shimmering blue altar of Sif Muna.
   395 | D        | Found a shimmering altar of Xom.
   395 | D        | Found a basalt altar of Yredelemnul.
   396 | D        | Found a viscous altar of Jiyva.
   396 | D        | Found a bloodstained altar of Trog.
   396 | D        | Found an ornate altar of the Wu Jian Council.
   397 | D        | Found an iron altar of Okawaru.
   397 | D        | Found a shadowy altar of Dithmenos.
   397 | D        | Found a glowing silver altar of Zin.
   398 | D        | Found an ancient bone altar of Kikubaaqudgha.
   398 | D        | Found a hide-covered altar of Uskayaw.
   399 | D        | Found a stormy altar of Qazlal.
   399 | D        | Found a white marble altar of Elyvilon.
   399 | D        | Found a glowing golden altar of the Shining One.
   400 | D        | Became a worshipper of Gozag Ym Sagoz the Greedy
   401 | D        | Found a corrupted altar of Lugonu.
   401 | D        | Found a radiant altar of Vehumet.
   405 | D        | Reached skill level 12 in Stealth
   405 | D        | Reached skill level 1 in Evocations
   405 | D        | Reached XP level 5. HP: 28/28 MP: 3/6
   469 | D        | Splashed by an oklob sapling wizard's acid

Illustrated notes

Levels and vault maps discovered:
D:        dungeon_sprint_fedhas [sprint_temple]

Skill      XL: |  1  2  3  4 |
---------------+-------------+-----
Fighting       | 2 3 |  3.1
Dodging        | 2 4 |  4.7
Stealth        | 8 9 11 12 | 12.9
Throwing       | 3 |  3.3
Short Blades   | 3 |  3.2
Evocations     | 1 |  1.7

Action                   |  1- 3 |  4- 6 || total
-------------------------+-------+-------++-------
Melee: Dagger            |     7 |     9 ||    16
Throw: Dart              |    11 |       ||    11
 Abil: Evoke Invisibilit |       |     2 ||     2
 Stab: Sleeping          |     1 |     1 ||     2
Dodge: Dodged            |     9 |       ||     9
